 Dungeon Crawl Stone Soup version 0.26-a0-84-g8c18429 (webtiles) character file.

Game seed: 4004055266429162470

19955 FrankyJ the Pandemonic (level 12, -7/67 HPs)
             Began as a Vine Stalker Fighter on Jan 14, 2020.
             Was a High Priest of Makhleb.
             Killed by divine providence
             ... invoked by an orc priest
              (9 damage)
             ... on level 2 of the Orcish Mines on June 18, 2020.
             The game lasted 01:08:52 (13188 turns).

FrankyJ the Pandemonic (Vine Stalker Fighter)      Turns: 13188, Time: 01:08:53

Health: -7/67      AC:  0    Str: 20 (22) XL:     12   Next: 74%
Magic:  0/20       EV:  9    Int:  7 (8)  God:    Makhleb [*****.]
Gold:   386        SH: 14    Dex: 22 (24) Spells: 10/11 levels left

rFire    + . .     SeeInvis .   E - +2 short sword (vamp)
rCold    . . .     Gourm    .   w - +2 kite shield {AC+3}
rNeg     . . .     Faith    .   h - +2 chain mail {rPois}
rPois    +         Spirit   +   D - +1 helmet
rElec    +         Reflect  .   d - +1 cloak
rCorr    .         Harm     .   V - +0 pair of gloves
MR       ++...                  o - +1 pair of boots
Stlth    ..........             (no amulet)
HPRegen  1.01/turn              U - ring of protection from magic
MPRegen  0.17/turn              v - ring of Niucher {rElec rF+ Dex+8}

@: mighty, corroded
A: fangs 3, regeneration 2, magic shield, antimagic bite, no potion heal 3, rot
immunity
a: Minor Destruction, Lesser Servant of Makhleb, Major Destruction, Greater
Servant of Makhleb, Renounce Religion


You were on level 2 of the Orcish Mines.
You worshipped Makhleb.
Makhleb was extremely pleased with you.
You were hungry.

You visited 3 branches of the dungeon, and saw 14 of its levels.
You also visited: Sewer.

You collected 1372 gold pieces.
You spent 986 gold pieces at shops.

Inventory:

Hand Weapons
 a - a +0 rapier
 t - a +2 short sword of draining
 E - a +2 vampiric short sword (weapon)
 F - a cursed -3 arbalest
 K - a +1 long sword of holy wrath
 R - a +0 shortbow
 W - a +4 dagger
Missiles
 k - 20 boomerangs (quivered)
 q - 10 atropa-tipped darts
 C - 19 javelins
 H - 31 poisoned darts
 L - 3 throwing nets
 S - 58 arrows
Armour
 d - a +1 cloak (worn)
 h - a +2 chain mail of poison resistance (worn)
 o - a +1 pair of boots (worn)
 u - a +0 scale mail of fire resistance
 w - a +2 kite shield of protection (worn)
 D - a +1 helmet (worn)
 Q - a +0 plate armour of poison resistance
 V - a +0 pair of gloves (worn)
Jewellery
 s - an uncursed ring of wizardry
 v - the ring of Niucher (right hand) {rElec rF+ Dex+8}
   (You bought it in a shop on level 2 of the Orcish Mines)

   [ring of protection from fire]

   It affects your dexterity (+8).
   It protects you from fire.
   It insulates you from electricity.
 I - an uncursed ring of protection from cold
 U - a ring of protection from magic (left hand)
 X - a cursed ring of teleportation {unknown}
 Y - an uncursed ring of ice {unknown}
Wands
 y - a wand of flame (35)
 J - a wand of digging (6)
 N - a wand of acid (3)
 P - a wand of random effects (15)
 Z - a wand of paralysis (9)
Scrolls
 l - 6 scrolls of remove curse
 n - 3 scrolls of teleportation
 p - 2 scrolls of blinking
 x - 3 scrolls of magic mapping
 O - 3 scrolls of amnesia
Potions
 b - 2 potions of stabbing
 e - 3 potions of invisibility
 g - 2 potions of lignification {unknown}
 i - 3 potions of degeneration
 j - 6 potions of curing
 m - 2 potions of mutation {unknown}
 r - 2 potions of cancellation {unknown}
 z - 2 potions of haste {unknown}
 A - 4 potions of berserk rage {unknown}
 M - 2 potions of flight {unknown}
Miscellaneous
 T - a removed crystal ball
Comestibles
 f - 20 rations
 G - 5 chunks of flesh


   Skills:
 + Level 9.8 Fighting
 - Level 4.0 Short Blades
 - Level 8.0 Armour
 - Level 4.1 Dodging
 - Level 5.1 Stealth
 - Level 9.1 Shields
 - Level 10.1 Invocations


You had 10 spell levels left.
You knew the following spells:

 Your Spells              Type           Power        Failure   Level  Hunger
a - Shock                 Conj/Air       #...         100%        1    ##.....

Your spell library contained the following spells:

 Spells                   Type           Power        Failure   Level  Hunger
 Swiftness                Chrm/Air       #.......     100%        2    ###....
 Static Discharge         Conj/Air       #.......     100%        3    ####...
 Airstrike                Air            #.........   100%        4    #####..
 Lightning Bolt           Conj/Air       #.........   100%        5    ######.


Dungeon Overview and Level Annotations

Branches:
Dungeon (11/15)            Temple (1/1) D:4            Lair (0/6) D:8
    Orc (2/2) D:11            Elf (0/3) Orc:2         Sewer (visited)

Altars:
Ashenzari
Cheibriados
Dithmenos
Elyvilon
Fedhas
Gozag
Hepliaklqana
Kikubaaqudgha
Makhleb
Nemelex Xobeh
Okawaru
Qazlal
Sif Muna
Trog
Uskayaw
Vehumet
Wu Jian
Xom
Yredelemnul
Zin
The Shining One
Beogh

Shops:
D:4 }   D:5 *   D:7 ==[[   D:8 *   D:11 *   Orc:2 =

Portals:
Trove: D:10 (give +3 shadow dragon scales)

Annotations:
D:3 Grinder
D:11 3 runed translucent doors, exclusion: oklob plant, Creed's ghost, journeyman MiFi


Innate Abilities, Weirdness & Mutations

You have razor-sharp teeth.
You heal very quickly.
When hurt, damage is shared between your health and your magic reserves.
Your bite disrupts and absorbs the magic of your enemies.
Potions cannot restore your health.
You are immune to rotting.


Message History

You hear some strange, mumbled words.
A puff of flame appears from out of thin air!
The puff of flame hits you. You resist.
* * * LOW HITPOINT WARNING * * *
The orc priest invokes the aid of Beogh against you.
Beogh smites you!
* * * LOW HITPOINT WARNING * * *
You don't have enough health at the moment.
You have no ailments to cure.
You have no ailments to cure.
It was a potion of degeneration.
There was something very wrong with that liquid.
You feel weakened.
You feel dopey.
You feel clumsy.
You hear some strange, mumbled words.
A puff of flame appears from out of thin air!
The puff of flame hits you. You resist.
* * * LOW HITPOINT WARNING * * *
The orc priest invokes the aid of Beogh against you.
Beogh smites you!
You die...

........
+....##.#.....
....#...
####.............
....
......$..........
.##.
#.............
#.............
.o....#.)........


oh... #.......... ##.. ##o.......#. ## #@{.....##.. ##)##..## . ### ### You
could see an orc priest.

Vanquished Creatures
  Harold (D:8)
  4 two-headed ogres
  An orc high priest (Orc:2)
  Pikel (D:7)
  An orc knight (D:11)
  3 orc sorcerers
  2 centaur zombies (D:10)
  A kobold demonologist (D:9)
  4 trolls
  3 polar bears (D:11)
  Prince Ribbit (D:8)
  2 hippogriffs
  2 centaur simulacra (D:11)
  A water elemental (D:11)
  A wraith (D:10)
  9 yaks
  A vampire (D:10)
  A wyvern (D:9)
  2 vampire mosquitoes (D:10)
  A warg (Orc:2)
  2 soldier ants (D:10)
  A water moccasin (D:6)
  4 ice beasts
  Purgy (Sewer)
  2 sky beasts
  23 orc warriors
  3 phantoms
  4 slaves (D:7)
  3 wolves
  11 ogres
  A black bear (D:11)
  4 centaurs
  A crocodile (D:11)
  3 bullfrogs
  A wyvern skeleton (D:11)
  4 scorpions
  A water moccasin skeleton (D:4)
  A killer bee (D:10)
  13 wights
  7 howler monkeys
  An electric eel (D:8)
  2 bullfrog zombies (D:11)
  4 crimson imps
  A quasit (D:10)
  4 jellies
  11 hounds
  18 orc wizards
  Crazy Yiuf (D:3)
  A bullfrog skeleton (D:6)
  5 orc priests
  A water moccasin simulacrum (D:11)
  2 centaur skeletons
  An iguana (D:6)
  12 worker ants
  A killer bee zombie (D:6)
  A hound zombie (D:8)
  A hound skeleton (D:7)
  13 adders
  7 gnolls
  A river rat (D:3)
  5 shadow imps
  5 white imps
  4 worker ant simulacra (D:11)
  4 ufetubi
  2 adder skeletons
  3 worms
  4 leopard geckos
  69 orcs
  11 giant cockroaches
  4 goblins
  8 hobgoblins
  16 jackals
  14 kobolds
  7 quokkas
  2 ball pythons
  6 bats
  A quokka skeleton (D:4)
  6 rats
391 creatures vanquished.

Vanquished Creatures (collateral kills)
  2 orc warriors (Orc:2)
  2 orcs (Orc:2)
4 creatures vanquished.

Vanquished Creatures (others)
  An orc wizard (D:10)
  2 plants (D:11)
  19 toadstools (D:11)
22 creatures vanquished.

Grand Total: 417 creatures vanquished

Notes
Turn   | Place    | Note
-------+----------+-------------------------------------------
     0 | D:1      | FrankyJ the Vine Stalker Fighter began the quest for the
                  | Orb.
     0 | D:1      | Reached XP level 1. HP: 11/11 MP: 2/2
   151 | D:1      | Reached XP level 2. HP: 16/16 MP: 3/3
   238 | D:1      | Reached skill level 1 in Stealth
   638 | D:1      | Reached XP level 3. HP: 20/20 MP: 4/4
   865 | D:2      | Found a shattered altar of Ashenzari.
  1007 | D:2      | Gained mutation: Your natural rate of healing is unusually
                  | fast. [Vine Stalker growth]
  1007 | D:2      | Reached XP level 4. HP: 23/24 MP: 3/5
  1790 | D:3      | Found a runed translucent door.
  1791 | D:3      | Noticed Crazy Yiuf
  1798 | D:3      | Killed Crazy Yiuf
  1798 | D:3      | Reached XP level 5. HP: 18/28 MP: 3/6
  1862 | D:3      | Noticed Grinder
  2126 | D:3      | Found a glowing drain.
  2130 | Sewer    | Entered a sewer
  2203 | Sewer    | Noticed Purgy
  2497 | Sewer    | Killed Purgy
  2497 | Sewer    | Reached XP level 6. HP: 17/33 MP: 7/7
  2613 | D:4      | Found a staircase to the Ecumenical Temple.
  2622 | Temple   | Entered the Ecumenical Temple
  2685 | Temple   | Became a worshipper of Makhleb the Destroyer
  2846 | D:4      | Found a bloodstained altar of Trog.
  2896 | D:4      | Found an ancient bone altar of Kikubaaqudgha.
  2967 | D:4      | Noticed an ice beast
  2989 | D:4      | Killed an ice beast
  2989 | D:4      | Reached XP level 7. HP: 37/37 MP: 8/8
  3035 | D:4      | Found Nuysh's Gadget Boutique.
  3233 | D:5      | Entered Level 5 of the Dungeon
  3447 | D:5      | Found a hazy altar of Hepliaklqana.
  3524 | D:5      | Reached * piety under Makhleb
  3550 | D:5      | Gained mutation: You have razor-sharp teeth. [Vine Stalker
                  | growth]
  3550 | D:5      | Reached XP level 8. HP: 15/42 MP: 4/9
  3659 | D:5      | Reached skill level 5 in Stealth
  3792 | D:5      | Found an opulent altar of Gozag.
  3918 | D:5      | Found Zin's Purification Station.
  3918 | D:5      | Found a glowing silver altar of Zin.
  4454 | D:6      | Reached skill level 5 in Fighting
  4462 | D:6      | Reached skill level 5 in Shields
  4605 | D:6      | Reached skill level 5 in Armour
  4621 | D:6      | Reached skill level 1 in Dodging
  4634 | D:6      | Reached ** piety under Makhleb
  4751 | D:6      | Found a blossoming altar of Fedhas.
  4815 | D:6      | Upgraded the game from 0.25-a0-413-g3b4b6a4 to
                  | 0.25-a0-448-g1f46b9f
  4872 | D:6      | Found a radiant altar of Vehumet.
  4929 | D:6      | Reached XP level 9. HP: 47/47 MP: 8/10
  5598 | D:7      | Found Pihius's Antique Armour Shop.
  5601 | D:7      | Found a stormy altar of Qazlal.
  5611 | D:7      | Reached skill level 1 in Invocations
  5641 | D:7      | Reached skill level 2 in Invocations
  5674 | D:7      | Found Soip's Jewellery Boutique.
  5740 | D:7      | Reached skill level 3 in Invocations
  5812 | D:7      | Found Teczis Buirch's Jewellery Shoppe.
  6051 | D:7      | Found Qohipid's Antique Armour Shoppe.
  6062 | D:7      | Bought a runed shield for 180 gold pieces
  6088 | D:7      | Noticed Pikel
  6118 | D:7      | Found a hide-covered altar of Uskayaw.
  6348 | D:7      | Killed Pikel
  6348 | D:7      | Reached skill level 5 in Invocations
  6445 | D:8      | Noticed Harold
  6492 | D:8      | Killed Harold
  6492 | D:8      | Reached skill level 7 in Invocations
  6492 | D:8      | Reached XP level 10. HP: 42/53 MP: 14/16
  6539 | D:8      | Found a staircase to the Lair.
  6557 | D:8      | Reached skill level 8 in Invocations
  6680 | D:8      | Upgraded the game from 0.25-a0-448-g1f46b9f to
                  | 0.25-a0-488-g03579ab
  6680 | D:8      | Upgraded the game from 0.25-a0-488-g03579ab to
                  | 0.25-a0-566-g062765b
  6732 | D:8      | Noticed Prince Ribbit
  6784 | D:8      | Killed Prince Ribbit
  6784 | D:8      | Reached skill level 9 in Invocations
  6788 | D:8      | Reached *** piety under Makhleb
  7007 | D:8      | Found Miuvom's Assorted Antiques.
  7202 | D:9      | Upgraded the game from 0.25-a0-566-g062765b to
                  | 0.25-a0-589-g1e14c54
  7262 | D:9      | Noticed a kobold demonologist
  7298 | D:9      | Killed a kobold demonologist
  7298 | D:9      | Reached skill level 10 in Invocations
  7615 | D:9      | Found a shadowy altar of Dithmenos.
  7680 | D:9      | Reached XP level 11. HP: 56/56 MP: 14/19
  8020 | D:10     | Entered Level 10 of the Dungeon
  8022 | D:10     | Noticed a two-headed ogre
  8046 | D:9      | Killed a two-headed ogre
  8214 | D:10     | Found a runed translucent door.
  8220 | D:10     | Found a runed translucent door.
  8547 | D:10     | Reached **** piety under Makhleb
  8880 | D:10     | Noticed a vault guard
  9135 | D:10     | Noticed a two-headed ogre
  9146 | D:10     | Killed a two-headed ogre
  9220 | D:10     | Found a portal to a secret trove of treasure.
  9405 | D:11     | Found Medd's Assorted Antiques.
  9426 | D:11     | Noticed a two-headed ogre
  9460 | D:10     | Killed a two-headed ogre
  9555 | D:11     | Bought a lumpy grey potion for 25 gold pieces
  9601 | D:11     | Found a runed translucent gate.
  9602 | D:11     | Found a runed translucent gate.
  9602 | D:11     | Found an opulent altar of Gozag.
  9603 | D:11     | Found a runed translucent gate.
  9606 | D:11     | Noticed Creed's ghost (journeyman MiFi)
  9626 | D:11     | Found a staircase to the Orcish Mines.
  9949 | D:11     | Found a roughly hewn altar of Beogh.
 10096 | D:11     | Found a blossoming altar of Fedhas.
 10118 | D:11     | Noticed an oklob plant
 10285 | D:11     | Reached ***** piety under Makhleb
 10356 | D:11     | Gained mutation: You heal very quickly. [Vine Stalker
                  | growth]
 10356 | D:11     | Reached XP level 12. HP: 50/61 MP: 18/20
 11061 | Orc:1    | Entered Level 1 of the Orcish Mines
 11747 | Orc:1    | Noticed a sun demon
 11900 | Orc:1    | Upgraded the game from 0.25-a0-589-g1e14c54 to
                  | 0.25-a0-734-g73332ae
 12213 | Orc:2    | Entered Level 2 of the Orcish Mines
 12213 | Orc:2    | Found a staircase to the Elven Halls.
 12287 | Orc:2    | Upgraded the game from 0.25-a0-734-g73332ae to
                  | 0.26-a0-84-g8c18429
 12291 | Orc:2    | Found a roughly hewn altar of Beogh.
 12697 | Orc:2    | Noticed a two-headed ogre
 12734 | Orc:2    | Killed a two-headed ogre
 12811 | Orc:2    | Noticed an orc warlord
 12966 | Orc:2    | Found Badiaf's Jewellery Emporium.
 12975 | Orc:2    | Learned a level 1 spell: Shock
 12975 | Orc:2    | Bought the ring of Niucher {rElec rF+ Dex+8} for 781 gold
                  | pieces
 13121 | Orc:2    | Noticed an orc high priest
 13136 | Orc:2    | Noticed a sun demon
 13158 | Orc:2    | Killed an orc high priest
 13187 | Orc:2    | HP: 2/67 [orc priest/divine providence (7)]
 13188 | Orc:2    | Killed from afar by an orc priest

Illustrated notes

Levels and vault maps discovered:
D:1:      lemuel_arrival_tunnels, layout_rooms, minivault_5, due_unseen_surprise
D:2:      layout_loops_corners, nicolae_ashenzari_panopticon
D:3:      layout_basic, nicolae_ru_path_of_blood, gup_sewer_entry_spiral,
          minmay_liquid_box, hangedman_abyss_or_decor_lesser_grid, uniq_grinder,
          uniq_crazy_yiuf_cottage
D:4:      layout_rooms, kennysheep_little_box, kiku_gazebo_pond_becter,
          minmay_temple_entry_purple_smoke, first_ration, serial_shops,
          shop_fountains, serial_park_tiny_1
D:5:      layout_cave_pods, zin_purify, lemuel_crystal_altar,
          lemuel_doored_altar
D:6:      kennysheep_six_static_rooms, layout_basic, lemuel_crystal_altar,
          vehumet_altar_wand_db, hangedman_decor_peaks_small,
          minmay_misc_feat_encased
D:7:      layout_cave_pools, kennysheep_mini, nicolae_qazlal_style_of_elements,
          serial_shops, nicolae_shop_window_shopping,
          nicolae_shop_overgrown_old_shop, shop, shop, grunt_ogre_cave,
          uniq_pikel
D:8:      layout_rooms, erik_lair_island, serial_shops, shop_fountains,
          uniq_harold, uniq_prince_ribbit1
D:9:      layout_irregular_city, grunt_dithmenos_smoke
D:10:     lemuel_insect_pit, layout_small_grid, enter_trove_5
D:11:     layout_cave_pools, minmay_orc_entry_temple_small, ebering_ghost_gozag,
          serial_ice, serial_ice_i, serial_ice_g, serial_ice_m, serial_ice_n,
          serial_ice_a, serial_ice_c, serial_ice_d, serial_ice_e, serial_shops,
          nicolae_shop_overgrown_old_shop, tgw_fedhas
Temple:   cyrus_temple_forest
Orc:1:    layout_caves
Orc:2:    grunt_orc_community_town_hall, layout_caves,
          grunt_orc_community_big_house_2, grunt_orc_community_big_house_2,
          grunt_orc_community_house_2, grunt_orc_community_house_1,
          grunt_orc_community_house_3, grunt_orc_community_house_3,
          grunt_orc_community_house_1, grunt_orc_community_house_1, uniq_sonja

Skill      XL: |  1  2  3  4  5  6  7  8  9 10 11 12 |
---------------+-------------------------------------+-----
Stealth        | 1 2 3 4 5 |  5.1
Short Blades   | 2 3 4 |  4.0
Fighting       | 3 4 5 6 9 |  9.8
Shields        | 3 4 5 6 9 |  9.1
Armour         | 3 4 5 7 8 |  8.0
Dodging        | 3 4 |  4.1
Invocations    | 7 10 | 10.1

Action                   |  1- 3 |  4- 6 |  7- 9 | 10-12 || total
-------------------------+-------+-------+-------+-------++-------
Melee: Rapier            |    66 |   228 |   455 |   205 ||   954
       Bite              |    20 |    69 |   172 |   659 ||   920
       Short sword       |       |       |       |  1331 ||  1331
Throw: Boomerang         |       |       |       |     4 ||     4
Invok: Lesser Servant of |       |       |       |     7 ||     7
Evoke: Wand              |       |       |       |     9 ||     9
  Use: Scroll            |     1 |     7 |     3 |    16 ||    27
       Potion            |       |     2 |       |     6 ||     8
 Stab: Distracted        |       |       |       |     1 ||     1
  Eat: Chunk             |       |     7 |    11 |    25 ||    43
Armor: Chain mail        |    29 |   163 |   202 |   704 ||  1098
Dodge: Dodged            |    11 |    46 |    92 |   472 ||   621
Block: Kite shield       |    33 |   142 |   186 |  1085 ||  1446

Table legend:
 A = Non-vault XP
 B = Vault XP
 C = Vault XP percentage of total XP
 D = Non-vault monster count
 E = Vault monster count
 F = Vault count percentage of total count
                 A         B        C        D         E       F
            +---------+---------+-------+---------+---------+-------
      Total |   20746 |    7762 |  27.2 |     291 |     101 |  25.8
            +---------+---------+-------+---------+---------+-------
        D:1 |      55 |       0 |   0.0 |      19 |       0 |   0.0
        D:2 |     116 |       0 |   0.0 |      31 |       0 |   0.0
        D:3 |      19 |      91 |  82.7 |       5 |       9 |  64.3
        D:4 |     526 |       0 |   0.0 |      20 |       0 |   0.0
        D:5 |     573 |       0 |   0.0 |      28 |       0 |   0.0
        D:6 |    1135 |     415 |  26.8 |      21 |       7 |  25.0
        D:7 |     558 |     791 |  58.6 |      14 |       2 |  12.5
        D:8 |     928 |    2013 |  68.4 |      15 |       9 |  37.5
        D:9 |    3450 |       0 |   0.0 |      29 |       0 |   0.0
       D:10 |    4931 |     644 |  11.6 |      34 |      15 |  30.6
       D:11 |    4725 |    1853 |  28.2 |      50 |      26 |  34.2
      Orc:1 |     743 |     168 |  18.4 |       8 |       2 |  20.0
      Orc:2 |    2987 |    1650 |  35.6 |      17 |      25 |  59.5
      Sewer |       0 |     137 | 100.0 |       0 |       6 | 100.0
            +---------+---------+-------+---------+---------+-------
